 Dungeon Crawl Stone Soup version 0.31-a0-187-gba352fbbf7 (webtiles) character file.

Game seed: 8179732925346075159

5084 pokeman the Thaumaturge (level 10, 0/56 HPs)
             Began as a Deep Elf Hedge Wizard on June 22, 2023.
             Was a Believer of Vehumet.
             Slain by Harold
             ... wielding a +0 glaive
              (11 damage)
             ... on level 9 of the Dungeon.
             The game lasted 00:23:03 (9191 turns).

pokeman the Thaumaturge (Deep Elf Hedge Wizard)     Turns: 9191, Time: 00:23:04

Health: 0/56       AC:  8    Str: 10    XL:     10   Next: 31%
Magic:  13/28      EV: 13    Int: 30    God:    Vehumet [**....]
Gold:   397        SH:  0    Dex: 14    Spells: 26/34 levels left

rFire   . . .        U - -2 demon whip (venom)
rCold   . . .        (no shield)
rNeg    + . .        N - +1 robe {rN+}
rPois   +            F - +0 helmet
rElec   .            L - scarf {repulsion}
rCorr   .            p - +0 pair of gloves
SInv    .            v - +2 pair of boots {Stlth+}
Will    +....        (no amulet)
Stlth   +++          y - +6 ring of intelligence
HPRegen 0.29/turn    D - ring of Leampa {Fly rPois Str+3}
MPRegen 0.21/turn

%: repel missiles
@: flying, very slightly contaminated
A: no striking features
a: Renounce Religion


You were on level 9 of the Dungeon.
You worshipped Vehumet.
Vehumet was pleased with you.
You visited 2 branches of the dungeon, and saw 10 of its levels.

You collected 533 gold pieces.
You spent 136 gold pieces at shops.

Inventory:

Hand Weapons
 J - the +7 trident of Objectivity {heavy, rPois Int+2 Dex-5 SInv}
   (You found it on level 7 of the Dungeon)

   Int:       It affects your intelligence (+2).
   Dex:       It affects your dexterity (-5).
   rPois:     It protects you from poison.
   SInv:      It lets you see invisible.
 O - a +2 quarterstaff of chaos
 P - a +2 dagger of venom
 U - a -2 demon whip of venom (weapon)
Armour
 j - a +0 robe of fire resistance
 p - a +0 pair of gloves (worn)
 v - a +2 pair of boots of stealth (worn)
 F - a +0 helmet (worn)
 L - a scarf of repulsion (worn)
 N - a +1 robe of positive energy (worn)
 T - a +2 cloak
Magical Staves
 x - a staff of fire
Jewellery
 q - the Hermit's Pendant {Faith Invo=14 Evo=0 MP+5}
   (You found it on level 3 of the Dungeon)

   [amulet of faith]

   Invo=14: It sets your Invocations skill to 14.
   Evo=0: It sets your Evocations skill to 0.
   It allows you to gain divine favour quickly.
   MP:        It affects your magic capacity (+5).
 r - a ring of see invisible
 y - a +6 ring of intelligence (left hand)
 D - the ring of Leampa (right hand) {Fly rPois Str+3}
   (You found it on level 5 of the Dungeon)

   [ring of flight]

   Str:       It affects your strength (+3).
   rPois:     It protects you from poison.
   Fly:       It grants you flight.
 Q - a ring of ice
 R - a ring of wizardry
 V - a +5 ring of evasion
Wands
 A - a wand of digging (12)
 M - a wand of mindburst (15)
 S - a wand of quicksilver (7)
Scrolls
 b - 2 scrolls of enchant weapon
 e - 4 scrolls of revelation
 g - a scroll of acquirement {unknown}
 k - 3 scrolls of amnesia {unknown}
 l - 2 scrolls of fear {unknown}
 n - 4 scrolls of teleportation {unknown}
 s - 2 scrolls of poison {unknown}
 w - 2 scrolls of vulnerability {unknown}
 z - 2 scrolls of brand weapon {unknown}
 C - a scroll of blinking {unknown}
 G - a scroll of enchant armour {unknown}
Potions
 a - 2 potions of heal wounds
 c - a potion of brilliance {unknown}
 d - 2 potions of magic
 f - 2 potions of haste
 h - a potion of ambrosia {unknown}
 i - 4 potions of curing {unknown}
 m - 4 potions of degeneration {unknown}
 o - 2 potions of enlightenment {unknown}
 t - a potion of resistance {unknown}
 u - a potion of might {unknown}
 B - a potion of attraction {unknown}
 H - a potion of berserk rage {unknown}
 I - a potion of cancellation {unknown}
 K - a potion of lignification {unknown}
Miscellaneous
 E - a piece from Xom's chessboard (15/15)


   Skills:
 + Level 3.9 Fighting
 - Level 3.0 Armour
 - Level 3.0 Dodging
 - Level 3.0 Stealth
 * Level 12.7 Spellcasting
 + Level 8.8 Conjurations
 - Level 2.2 Summonings
 - Level 1.1 Translocations
 + Level 5.9 Fire Magic
 - Level 1.0 Air Magic
 - Level 1.2 Poison Magic
 - Level 1.0 Evocations


You had 26 spell levels left.
You knew the following spells:

 Your Spells              Type           Power      Damage    Failure   Level
a - Magic Dart            Conj           100%       1d8       1%          1
b - Mephitic Cloud        Conj/Pois/Air  41%        N/A       1%          3
c - Call Imp              Summ           64%        N/A       1%          2
d - Blink                 Tloc           50%        N/A       2%          2

Your spell library contained the following spells:

 Spells                   Type           Power      Damage    Failure   Level
 Kiss of Death            Conj/Necr      100%       2d13      1%          1
 Apportation              Tloc           50%        N/A       1%          1
 Summon Small Mammal      Summ           100%       N/A       1%          1
 Necrotise                Necr           76%        1d7       2%          1
 Slow                     Hex            76%        N/A       2%          1
 Cigotuvi's Dreadful Rot  Necr/Pois/Air  46%        N/A       3%          2
 Conjure Ball Lightning   Conj/Air       24%        3x3d7     47%         6
 Discord                  Hex            9%         N/A       100%        8
 Disjunction              Tloc           12%        N/A       100%        8


Dungeon Overview and Level Annotations

Branches:
Dungeon (9/15)             Temple (1/1) D:5
   Lair: D:8-11         Orc: D:9-12

Altars:
Ashenzari
Cheibriados
Dithmenos
Elyvilon
Fedhas
Hepliaklqana
Okawaru
Qazlal
Ru
Sif Muna
Uskayaw
Vehumet
Wu Jian
Xom
Yredelemnul

Shops:
D:2 ((?:=

Annotations:
D:8 Gastronok
D:9 Harold


Message History

Unknown command.
You hit Harold.
Harold looks as sick as possible!
Harold is heavily wounded.
Harold says, "Why is everything spinning?"
Casting: Mephitic Cloud (safe; 1% risk of failure)
Confirm with . or Enter, or press ? or * to list all spells.
Aiming: Magic Dart (safe; 1% risk of failure)
Press: ? - help, Shift-Dir - straight line, f - Harold
Aim: Harold, wielding a +0 glaive, wearing a +0 chain mail and quivering 3 throwing nets (noxious fumes, heavily wounded, confused, extremely poisoned, 100% to hit)
The magic dart hits Harold.
Harold is heavily wounded.
Harold is engulfed in noxious fumes.
You barely miss Harold.
Harold is heavily wounded.
Casting: Magic Dart (safe; 1% risk of failure)
Confirm with . or Enter, or press ? or * to list all spells.
Aiming: Magic Dart (safe; 1% risk of failure)
Press: ? - help, Shift-Dir - straight line, f/p - Harold
Aim: Harold, wielding a +0 glaive, wearing a +0 chain mail and quivering 3 throwing nets (heavily wounded, confused, extremely poisoned, 100% to hit)
The magic dart hits Harold but does no damage.
Harold is heavily wounded.
Unknown command.
You hit Harold.
Harold looks as sick as possible!
Harold is severely wounded.
Harold hits you with a +0 glaive!!
* * * LOW HITPOINT WARNING * * *
Unknown command.
Things that are here:
a +0 dagger; 5 stones
Casting: Magic Dart (safe; 1% risk of failure)
Confirm with . or Enter, or press ? or * to list all spells.
Aiming: Mephitic Cloud (safe; 1% risk of failure)
Press: ? - help, Shift-Dir - straight line, f/p - Harold
Aim: Harold, wielding a +0 glaive, wearing a +0 chain mail and quivering 3 throwing nets (severely wounded, confused, extremely poisoned, chance to affect: 58%)
You miscast Mephitic Cloud.
You are very lightly contaminated with residual magic.
Nothing appears to happen.
Harold shouts, "What's happening?!"
Harold hits you with a +0 glaive!
You die...

#.#
##...##.....#...###.#.
#.# #######...##..##
##.. #.#
##.####..###.## #.#
####.#.###.#.#.## #..
#...###....<..##
#.##.#.###.####
#.###.## #.# #)# #.#
#.# # #@# #.# #.#
.####.#@# #.# #.#
.......)# #.# #.#
.###.^).# #.# #.#
#..... ..# #.#
#....##### >......
####...# #.###


You could see Harold (confused, extremely poisoned).

Vanquished Creatures
  Amaemon (D:9)
  Maurice (D:8)
  Joseph (D:7)
  A hornet (D:7)
  A troll (D:9)
  Sigmund (D:2)
  A wyvern (D:9)
  2 water moccasins (D:7)
  An ice beast (D:6)
  A sky beast (D:7)
  A black bear (D:4)
  A centaur (D:6)
  2 phantoms
  A gnoll sergeant (D:9)
  2 kobold brigands
  A scorpion (D:5)
  5 wights (D:7)
  3 killer bees (D:8)
  5 howler monkeys
  An orc priest (D:7)
  2 hounds
  Crazy Yiuf (D:7)
  4 gnoll boudas
  3 iguanas
  3 sleepcaps
  Terence (D:2)
  Ijyb (D:5)
  An orc wizard (D:4)
  Natasha (thrice) (D:2)
  25 gnolls
  7 adders
  A shadow imp (D:7)
  A white imp (D:6)
  An ufetubus (D:5)
  2 worms
  3 dart slugs
  22 orcs
  4 bats (D:2)
  3 endoplasms
  4 giant cockroaches
  5 goblins
  9 hobgoblins
  3 jackals (D:2)
  6 quokkas
  7 ball pythons
  3 frilled lizards
  15 kobolds
  4 rats
177 creatures vanquished.

Vanquished Creatures (collateral kills)
  An orange demon (D:9)
  Edmund (D:4)
  An ice beast (D:6)
  A kobold brigand (D:6)
  A sleepcap (D:6)
5 creatures vanquished.

Grand Total: 182 creatures vanquished

Notes
Turn   | Place    | Note
-------+----------+-------------------------------------------
     0 | D:1      | pokeman the Deep Elf Hedge Wizard began the quest for the
                  | Orb.
     0 | D:1      | Reached XP level 1. HP: 10/10 MP: 7/7
   196 | D:1      | Reached XP level 2. HP: 16/16 MP: 1/9
   958 | D:2      | Noticed Terence
   965 | D:2      | Killed Terence
   966 | D:2      | Reached skill level 1 in Armour
   966 | D:2      | Reached skill level 5 in Spellcasting
   966 | D:2      | Reached XP level 3. HP: 19/20 MP: 9/11
   972 | D:2      | Learned a level 3 spell: Mephitic Cloud
   975 | D:2      | Learned a level 2 spell: Call Imp
   978 | D:2      | Learned a level 2 spell: Blink
  1008 | D:2      | Noticed Sigmund
  1020 | D:2      | Killed Sigmund
  1021 | D:2      | Reached skill level 5 in Conjurations
  1021 | D:2      | Reached XP level 4. HP: 12/24 MP: 9/13
  1021 | D:2      | Reached XP level 5. HP: 14/28 MP: 9/14
  1104 | D:2      | Found Weogiatt's Magic Scroll Boutique.
  1106 | D:2      | Reached skill level 1 in Fighting
  1171 | D:2      | Found a hazy altar of Hepliaklqana.
  1339 | D:2      | Found Quwy's Antique Weapon Shoppe.
  1394 | D:2      | Noticed Natasha
  1396 | D:2      | Found Cean's Book Emporium.
  1405 | D:2      | Killed Natasha
  1408 | D:2      | Reached XP level 6. HP: 34/34 MP: 10/16
  1458 | D:2      | Found Zuyt's Jewellery Emporium.
  1604 | D:2      | Noticed Natasha
  1609 | D:2      | Killed Natasha
  1776 | D:2      | Noticed Natasha
  1789 | D:2      | Killed Natasha
  1846 | D:2      | Found Untyegat's Antique Weapon Shoppe.
  1944 | D:3      | Found an iron altar of Okawaru.
  1944 | D:3      | Found a hide-covered altar of Uskayaw.
  2340 | D:3      | Reached skill level 6 in Spellcasting
  2400 | D:3      | Found the Hermit's Pendant {Faith Invo=14 Evo=0 MP+5}
  2897 | D:4      | Reached skill level 1 in Air Magic
  2897 | D:4      | Reached skill level 1 in Poison Magic
  2897 | D:4      | Reached XP level 7. HP: 37/38 MP: 12/18
  3047 | D:4      | Found a sacrificial altar of Ru.
  3329 | D:4      | Noticed Edmund
  3359 | D:4      | Killed Edmund
  3360 | D:4      | Reached skill level 7 in Spellcasting
  3394 | D:4      | Found a shimmering blue altar of Sif Muna.
  3623 | D:5      | Entered Level 5 of the Dungeon
  3623 | D:5      | Found a staircase to the Ecumenical Temple.
  3636 | Temple   | Entered the Ecumenical Temple
  3667 | Temple   | Became a worshipper of Vehumet
  4267 | D:5      | Reached skill level 1 in Evocations
  4330 | D:5      | Noticed Ijyb
  4343 | D:5      | Killed Ijyb
  4344 | D:5      | Reached skill level 1 in Fire Magic
  4344 | D:5      | Reached XP level 8. HP: 38/44 MP: 19/21
  4408 | D:5      | Reached skill level 8 in Spellcasting
  4558 | D:5      | Identified the +7 chain mail "Fiddasi" {Rampage rElec
                  | Int+2}
  4632 | D:5      | Identified the ring of Leampa {Fly rPois Str+3}
  4767 | D:2      | Bought a scroll of identify for 26 gold pieces
  4767 | D:2      | Bought a scroll of noise for 13 gold pieces
  4767 | D:2      | Bought a scroll of revelation for 97 gold pieces
  5072 | D:6      | Reached * piety under Vehumet
  5072 | D:6      | Offered knowledge of Sandblast by Vehumet.
  5444 | D:6      | Reached skill level 9 in Spellcasting
  5589 | D:6      | Found a shimmering altar of Xom.
  5836 | D:6      | Found a blossoming altar of Fedhas.
  6042 | D:7      | Noticed a hornet
  6043 | D:7      | Noticed Joseph
  6052 | D:7      | Killed a hornet
  6064 | D:7      | Killed Joseph
  6065 | D:7      | Reached skill level 10 in Spellcasting
  6065 | D:7      | Reached XP level 9. HP: 34/48 MP: 14/25
  6282 | D:7      | Identified the +7 trident of Objectivity {heavy, rPois
                  | Int+2 Dex-5 SInv}
  6525 | D:7      | Found a runed translucent door.
  6525 | D:7      | Noticed Crazy Yiuf
  6773 | D:7      | Reached skill level 11 in Spellcasting
  7403 | D:7      | Killed Crazy Yiuf
  7811 | D:8      | Reached ** piety under Vehumet
  7811 | D:8      | Offered knowledge of Kiss of Death by Vehumet.
  7981 | D:8      | Noticed Gastronok
  8209 | D:8      | Reached skill level 5 in Fire Magic
  8454 | D:8      | Noticed Maurice
  8475 | D:8      | Killed Maurice
  8820 | D:9      | Reached skill level 12 in Spellcasting
  8820 | D:9      | Reached XP level 10. HP: 56/56 MP: 23/28
  8914 | D:9      | Noticed Amaemon
  8914 | D:9      | Noticed an orange demon
  8926 | D:9      | Killed an orange demon
  8931 | D:9      | Killed Amaemon
  9167 | D:9      | Noticed Harold
  9191 | D:9      | Slain by Harold

Illustrated notes

Levels and vault maps discovered:
D:1:      nicolae_arrival_somewhat_less_tricky_arrival, layout_rooms
D:2:      layout_basic, serial_shops, shop, shop,
          nicolae_shop_overgrown_old_shop, shop, nicolae_diamond_shop,
          basic_altar, uniq_natasha, uniq_terence, uniq_sigmund
D:3:      layout_loops_ring, gammafunk_temple_overflow_wave,
          serial_bayou_pond_e, ebering_dispersal_statue_hall
D:4:      layout_loops_ring, overflow_temple_1_default, lemuel_tele_altar,
          dreamdust_mushroom_princess, uniq_edmund
D:5:      layout_gridville, minmay_temple_entry_offerings, st_stairs_1,
          uniq_ijyb
D:6:      layout_rooms, fedhas_altar_3, xom_butterflies,
          minmay_misc_feat_encased, kennysheep_generic_room_3
D:7:      layout_loops_ring, uniq_crazy_yiuf_cottage, uniq_joseph
D:8:      layout_cave_pods, uniq_maurice, uniq_gastronok
D:9:      layout_loops_ring, uniq_amaemon, uniq_harold
Temple:   nicolae_temple_great_sept

Skill      XL: |  1  2  3  4  5  6  7  8  9 |
---------------+----------------------------+-----
Armour         | 1 3 |  3.0
Spellcasting   | 5 6 7 10 12 | 12.7
Conjurations   | 5 6 7 8 |  8.8
Fighting       | 1 2 3 |  3.9
Stealth        | 3 |  3.0
Dodging        | 3 |  3.0
Air Magic      | 1 |  1.0
Poison Magic   | 1 |  1.2
Summonings     | 2 |  2.2
Evocations     | 1 |  1.0
Fire Magic     | 1 3 5 |  5.9
Translocations | |  1.1

Action                     |  1- 3 |  4- 6 |  7- 9 | 10-12 || total
---------------------------+-------+-------+-------+-------++-------
  Melee: Dagger            |    16 |    39 |   174 |     7 ||   236
         Punch             |       |     1 |     2 |       ||     3
         Demon whip        |       |       |       |    15 ||    15
   Cast: Magic Dart        |    48 |    78 |   261 |    18 ||   405
         Mephitic Cloud    |     1 |     9 |    31 |     7 ||    48
         Call Imp          |       |       |    15 |       ||    15
         Blink             |       |       |     4 |       ||     4
    Use: Scroll            |       |       |     3 |       ||     3
   Stab: Confused          |     1 |     1 |    25 |     3 ||    30
 Armour: Robe              |     2 |     3 |    45 |     3 ||    53
  Dodge: Dodged            |    11 |    25 |   128 |     8 ||   172

Table legend: (Time is in decaauts)
 A = Elapsed time spent in this place.
 B = Non-inter-level travel time spent in this place.
 C = Inter-level travel time spent in this place.
 D = Time resting spent in this place.
 E = Time spent auto-exploring this place.
 F = Levels seen in this place.
 G = Mean time per level.
                   A        B        C        D        E       F      G
               +--------+--------+--------+--------+--------+-----+--------+
         Total |   9180 |   8726 |    454 |     69 |   7041 |  10 |  918.0 |
       Dungeon |   9137 |   8694 |    443 |     69 |   7016 |   9 | 1015.2 |
        Temple |     43 |     32 |     11 |      0 |     25 |   1 |   43.0 |
               +--------+--------+--------+--------+--------+-----+--------+

Top non-repeatable levels by time:
     D:7: 1617 daAuts
     D:5: 1172 daAuts
     D:2: 1016 daAuts
     D:4: 1011 daAuts
     D:8: 987 daAuts
     D:6: 923 daAuts
     D:1: 899 daAuts
     D:3: 855 daAuts
     D:9: 652 daAuts
  Temple: 43 daAuts
